 Dungeon Crawl Stone Soup version bcrawl-1.37.2 (webtiles) character file.

Game seed: 9208161666115275017

604028 crabbyslav the Impaler (level 15, -7/177 HPs)
             Began as an Ent Sloth Apostle on Oct 26, 2022.
             Was the Champion of Cheibriados.
             Mangled by a shambling mangrove (11 damage)
             ... on level 1 of the Swamp.
             The game lasted 00:32:50 (20249 turns).

crabbyslav the Impaler (Ent Sloth Apostle)         Turns: 20249, Time: 00:32:50

Health: -7/177     AC: 24    Str: 40    XL:     15   Next: 86%
Magic:  7/22       EV:  4    Int: 33    God:    Cheibriados [******]
Gold:   2141       SH: 16    Dex: 28    Spells: 15/16 levels left

rFire    . . .     GDR:     43% P - +3 glaive (freeze)
rCold    + . .     SeeInvis .   b - +1 medium shield
rNeg     + + +     Gourm    .   (armour unavailable)
rPois    +         Faith    .   g - +1 hat
rElec    .         Spirit   .   k - +0 cloak
rCorr    .         Reflect  .   (gloves unavailable)
MR       +....     Clarity  +   (boots unavailable)
Stlth    +.........             A - amulet of regeneration
HPRegen  0.60/turn              M - ring of Zishroech {rC+ Stlth--}
MPRegen  0.18/turn              S - ring "Duarut" {+Inv Int+4 Dex+4}

@: about to teleport, grasped by roots, constricted, very slow
A: large, slow actions, passwall, strong branches, negative energy resistance 3,
poison resistance, slow metabolism 1, torment resistance, unbreathing, AC +22
a: Passwall, Bend Time, Defer, Temporal Distortion, Step From Time, Renounce
Religion, Evoke Invisibility


You were on level 1 of the Swamp.
You worshipped Cheibriados.
Cheibriados was exalted by your worship.
You were not hungry.

You visited 4 branches of the dungeon, and saw 20 of its levels.
You also visited: Ice Cave.

You collected 2141 gold pieces.

Inventory:

Hand Weapons
 l - the +11 short sword "Yfoushro" {pierce, rC+, unknown}
   (You found it in an ice cave)

   It will always inflict at least some extra damage.
   This minimum extra damage increases with your current reserve of magical
   power.
   It protects you from cold.
 B - a +4 trident
 P - a +3 glaive of freezing (weapon)
Armour
 b - a +1 medium shield (worn)
 g - a +1 hat (worn)
 k - a +0 cloak (worn)
Jewellery
 a - a +5 ring of dexterity
 m - a +1 ring of evasion
 z - an uncursed amulet of the gourmand
 A - an amulet of regeneration (around neck)
 L - an uncursed ring of protection from magic
 M - the ring of Zishroech (left hand) {rC+ Stlth--}
   (You found it on level 5 of the Lair of Beasts)

   [ring of attention]

   It protects you from cold.
   It makes you much less stealthy.
 S - the ring "Duarut" (right hand) {+Inv Int+4 Dex+4}
   (You found it on level 6 of the Lair of Beasts)

   [ring of intelligence]

   It affects your intelligence (+4).
   It affects your dexterity (+4).
   It lets you turn invisible.
 T - a cursed ring of protection from magic
Wands
 c - a wand of paralysis (15)
 o - a wand of flame (3)
 p - a wand of polymorph (7)
 w - a wand of disintegration (22)
 x - a wand of iceblast (8)
 C - a wand of scattershot (3)
 K - a wand of random effects (27)
 R - a wand of acid (2)
Scrolls
 f - 8 scrolls of teleportation
 h - a scroll of fear {unknown}
 i - 6 scrolls of identify
 j - 9 scrolls of remove curse
 n - 10 scrolls of amnesia
 v - 3 scrolls of fog
 y - 5 scrolls of enchant weapon
 F - 3 scrolls of immolation
 G - a scroll of noise
 N - 2 scrolls of enchant armour
 O - a scroll of blinking
 Q - a scroll of magic mapping
 U - a scroll of summoning
Potions
 d - 2 potions of curing
 q - 2 potions of magic
 r - 3 potions of haste
 s - 3 potions of mutation
 t - 9 potions of flight
 u - a potion of lignification
 D - a potion of resistance
 E - a potion of brilliance
 H - a potion of invisibility {unknown}
 J - a potion of ambrosia {unknown}
Miscellaneous
 I - a lightning rod (4/4)
Comestibles
 e - 42 rations {!d}


   Skills:
 + Level 14.8 Fighting
 * Level 19.8 Polearms
 - Level 4.1 Stealth
 + Level 11.8 Shields
 - Level 1.2 Spellcasting
 - Level 2.0 Hexes
 - Level 10.0 Invocations
 - Level 0.8 Evocations


You had 15 spell levels left.
You knew the following spells:

 Your Spells              Type           Power        Failure   Level  Hunger
a - Slow                  Hex            ###.....     8%          1    None

Your spell library contained the following spells:

 Spells                   Type           Power        Failure   Level  Hunger
 Corona                   Hex            ###....      8%          1    None
 Apportation              Tloc           #.....       19%         1    None
 Infusion                 Chrm           #.......     19%         1    None
 Magic Dart               Conj           #...         19%         1    None
 Sandblast                Erth           #.....       19%         1    None
 Static Discharge         Air            #.....       19%         1    None
 Sting                    Conj/Pois      #...         19%         1    None
 Summon Butterflies       Summ           #.......     19%         1    None
 Summon Small Mammal      Summ           #...         19%         1    None
 Call Imp                 Summ           #.....       26%         2    ###....
 Poisonous Vapours        Pois/Air       #.....       26%         2    ###....
 Searing Ray              Conj           #.......     26%         2    ###....
 Song of Slaying          Chrm           #.......     26%         2    ###....
 Swiftness                Chrm/Air       #.......     26%         2    ###....
 Spectral Weapon          Hex/Chrm       #.......     34%         3    #####..
 Call Canine Familiar     Summ           #.......     47%         3    #####..
 Ignite Poison            Fire/Tmut/Pois #.......     47%         3    #####..
 Iskenderun's Mystic Bla  Conj           #.......     47%         3    #####..
 Ozocubu's Armour         Chrm/Ice       #.......     47%         3    #####..
 Regeneration             Chrm/Necr      #.........   47%         3    #####..
 Fulminant Prism          Conj/Hex       #.........   75%         4    ######.
 Lightning Bolt           Conj/Air       #.......     87%         4    ######.
 Olgreb's Toxic Radiance  Pois           #........    87%         4    ######.
 Summon Ice Beast         Ice/Summ       #.......     87%         4    ######.
 Summon Scorpions         Summ/Pois      #.......     87%         4    ######.
 Irradiate                Conj/Tmut      #.........   99%         5    #######
 Summon Lightning Spire   Summ/Air       #.......     99%         5    #######
 Venom Bolt               Conj/Pois      #.........   99%         5    #######
 Conjure Ball Lightning   Conj/Air       #.........   100%        6    #######
 Chain Lightning          Conj/Air       #.........   100%        8    #######


Dungeon Overview and Level Annotations

Branches:
Dungeon (12/12)            Temple (0/1) D:4            Lair (6/6) D:8
  Swamp (1/3) Lair:3       Shoals (0/3) Lair:2        Slime (0/5) Lair:6
    Orc (1/1) D:9             Elf (0/3) Orc          Vaults (0/3) D:12
 Depths (0/5) D:12

Altars:
Ashenzari
Dithmenos
Hepliaklqana
Qazlal
Sif Muna
Trog
Yredelemnul
Jiyva

Shops:
D:4 %   Orc }([%=

Annotations:
D:5 3 runed translucent doors, Finster's ghost, novice FrFi
D:7 2 transporters, Mehrunes's ghost, novice DsFE
Swamp:1 Nikola


Innate Abilities, Weirdness & Mutations

You move and act slowly.
You can pass through walls and trees.
Your branches can wield two-handed weapons with a shield.
Your thick bark is tough. (AC +22)
You are too large for most types of armour.
You are immune to negative energy. (rN+++)
Your system is resistant to poisons. (rPois)
You have a slow metabolism.
You are immune to unholy pain and torment.
You can survive without breathing.


Message History

Space warps horribly around you!
* * * LOW HITPOINT WARNING * * *
The white ugly thing splashes around in the water.
You slice Nikola!! You freeze Nikola!
Nikola is heavily wounded.
Nikola raves, "Can you feel it? Can you feel it?
CAN YOU FEEL IT?"
Nikola hits you with a +1 rapier of distortion.
* * * LOW HITPOINT WARNING * * *
You feel strangely unstable.
Roots burst forth from the earth!
The grasping roots grab you!
* * * LOW HITPOINT WARNING * * *
The grasping roots constrict you.
The white ugly thing basks in the mutagenic energy from its kin and changes!
Nikola hits you but does no damage. Space warps horribly around you!
* * * LOW HITPOINT WARNING * * *
You slice Nikola!! You freeze Nikola!
Nikola is severely wounded.
Nikola hits you but does no damage. Space warps horribly around you.
* * * LOW HITPOINT WARNING * * *
You die...

♣.≈≈≈.≈≈.. ♣.≈≈≈.≈≈≈.
♣♣♣≈≈♣≈≈≈. ♣♣♣♣♣..♣♣..≈♣
♣♣≈..≈♣....≈≈♣♣ ♣♣♣
♣♣♣♣........≈...♣
♣≈≈♣♣≈.≈≈≈.≈≈≈≈>...♣♣
♣♣♣♣......≈≈.≈≈≈≈≈≈..≈♣
♣≈..≈≈.@.≈≈...≈≈≈≈≈..♣♣♣
♣≈≈f≈u@u.≈≈..≈≈≈≈≈≈≈.≈≈.
.≈≈♣f≈u≈...≈...≈≈≈≈≈....
...≈.≈..≈≈.≈♣≈..≈≈≈..≈.≈
≈.....♣♣≈≈..♣≈≈≈≈≈.≈♣♣.≈
♣♣.... ♣.≈§.♣≈≈≈≈≈≈≈♣♣♣≈
♣≈... ♣≈...≈♣♣.....≈♣♣.
......≈.....(.≈
≈§...≈♣♣....≈≈..
≈..≈≈≈≈....≈≈.♣
≈≈..§♣♣...≈≈≈≈≈


You could see Nikola, 2 shambling mangroves and 3 ugly things.

Vanquished Creatures
  Gastronok (D:8)
  Urug (Lair:2)
  A vault guard (D:12)
  An ogre mage (D:12)
  7 hydras
  A merfolk avatar (Lair:6)
  A catoblepas (D:11)
  A death knight (D:7)
  5 two-headed ogres
  3 alligators (Swamp:1)
  4 death yaks (Lair:6)
  A vampire mage (D:12)
  2 sea snakes (Lair:6)
  7 centaur warriors
  2 goliath frogs (Lair:6)
  7 skeletal warriors (D:12)
  A golden dragon zombie (D:12)
  2 wolf spider zombies (D:12)
  A flayed ghost (D:12)
  3 unseen horrors
  3 swamp dragons (Swamp:1)
  Pikel (D:8)
  3 necromancers
  A wizard (D:12)
  2 cyclopes (D:11)
  2 orc knights
  4 manticores
  A stone giant zombie (D:12)
  A stone giant skeleton (D:12)
  3 ugly things
  12 elephants
  6 black mambas
  12 cane toads
  2 torpor snails
  A gargoyle (D:11)
  3 ice statues (IceCv)
  3 rime drakes (Lair:6)
  A dryad (D:8)
  A yaktaur (D:12)
  10 komodo dragons
  A kobold demonologist (D:8)
  A yaktaur (shapeshifter) (D:12)
  An efreet (D:12)
  9 ice devils
  An eye of draining (D:11)
  A yaktaur skeleton (D:12)
  A wolf spider simulacrum (D:12)
  5 trolls
  A hornet (Lair:6)
  3 meliai (D:11)
  2 polar bears (Lair:6)
  5 tyrant leeches
  2 wind drakes (Lair:6)
  5 slime creatures
  16 blink frogs
  3 bog bodies (Lair:3)
  11 hippogriffs
  2 harpy skeletons
  8 dream sheep
  2 shadows (D:12)
  2 wyverns
  36 yaks
  A wraith (D:12)
  A fire bat (D:12)
  A basilisk (Lair:5)
  20 humans (D:12)
  A steam dragon (D:11)
  5 hungry ghosts
  3 vampire mosquitoes (D:12)
  5 swamp worms
  A warg (D:12)
  10 crocodiles
  12 porcupines
  13 water moccasins
  25 orc warriors
  2 ice beasts
  A swamp drake (D:9)
  A phantom (D:9)
  2 sky beasts
  2 necrophages (D:8)
  3 black bears
  8 ogres
  3 boggarts (D:11)
  21 wolves
  13 bullfrogs
  5 kobold brigands
  A water moccasin zombie (D:8)
  16 centaurs
  2 wyvern skeletons
  3 scorpions
  A water moccasin skeleton (D:7)
  A killer bee (shapeshifter) (D:12)
  9 killer bees
  A statue (D:8)
  18 wights
  An electric eel (Lair:3)
  7 orc priests
  5 crimson imps
  A quasit (D:10)
  5 hounds
  2 draconian simulacra (IceCv)
  17 orc wizards
  4 jellies
  A bullfrog skeleton (D:6)
  6 iguanas
  A spriggan simulacrum (IceCv)
  9 worker ants
  2 troll simulacra (IceCv)
  A hound skeleton (D:9)
  2 mummies (D:8)
  14 adders
  5 naga simulacra (IceCv)
  2 shadow imps (D:6)
  An ooze (D:4)
  4 adder zombies
  An adder skeleton (D:5)
  3 dart slugs
  4 worms
  3 leopard geckos
  56 orcs
  A giant cockroach (D:2)
  10 goblins
  12 hobgoblins
  3 jackals (D:7)
  26 kobolds
  3 quokkas
  A ball python (D:2)
  7 bats
  2 frilled lizards
  A quokka skeleton (D:5)
  A quokka zombie (D:4)
  2 rats
679 creatures vanquished.

Vanquished Creatures (collateral kills)
  3 two-headed ogres (D:12)
  An orc knight (D:12)
  2 manticores (D:12)
  A harpy skeleton (D:12)
  2 ogres (D:12)
  2 orcs (D:12)
11 creatures vanquished.

Vanquished Creatures (others)
  An acid dragon (D:12)
  2 slaves (D:8)
  A necrophage (D:8)
  2 worker ants (D:8)
  A worker ant zombie (D:8)
  A howler monkey skeleton (D:8)
  7 fungi
  22 plants
  2 snaplasher vines (D:8)
  19 withered plants
58 creatures vanquished.

Grand Total: 748 creatures vanquished

Notes
Turn   | Place    | Note
-------+----------+-------------------------------------------
     0 | D:1      | crabbyslav the Ent Sloth Apostle began the quest for the
                  | Orb.
     0 | D:1      | Reached XP level 1. HP: 22/22 MP: 2/2
   108 | D:1      | Reached XP level 2. HP: 31/32 MP: 3/3
   463 | D:1      | Reached skill level 1 in Invocations
   966 | D:2      | Reached XP level 3. HP: 39/39 MP: 4/4
   987 | D:2      | Reached * piety under Cheibriados
  1027 | D:2      | Reached skill level 3 in Polearms
  1070 | D:2      | Found a shadowy altar of Dithmenos.
  1849 | D:3      | Reached XP level 4. HP: 36/47 MP: 5/5
  2852 | D:3      | Reached ** piety under Cheibriados
  2960 | D:4      | Reached XP level 5. HP: 57/57 MP: 6/6
  3003 | D:4      | Reached skill level 4 in Polearms
  3302 | D:4      | Reached XP level 6. HP: 44/65 MP: 6/8
  3385 | D:4      | Found a shimmering blue altar of Sif Muna.
  3602 | D:4      | Found a staircase to the Ecumenical Temple.
  3603 | D:4      | Noticed an ice beast
  3625 | D:4      | Killed an ice beast
  3626 | D:4      | Reached skill level 5 in Polearms
  3857 | D:4      | Reached XP level 7. HP: 66/75 MP: 5/9
  4011 | D:4      | Found Mobrun's Food Shop.
  4201 | D:4      | Reached *** piety under Cheibriados
  4208 | D:4      | Reached skill level 6 in Polearms
  4316 | D:5      | Entered Level 5 of the Dungeon
  4359 | D:5      | Found a runed translucent gate.
  4359 | D:5      | Found a runed translucent gate.
  4359 | D:5      | Found a runed translucent gate.
  4374 | D:5      | Noticed Finster's ghost (novice FrFi)
  4594 | D:5      | Reached XP level 8. HP: 75/85 MP: 11/11
  4603 | D:5      | Reached skill level 5 in Fighting
  4676 | D:5      | Reached skill level 7 in Polearms
  4879 | D:5      | Reached skill level 5 in Invocations
  5070 | D:5      | Found a stormy altar of Qazlal.
  5461 | D:6      | Reached skill level 8 in Polearms
  5609 | D:6      | Reached **** piety under Cheibriados
  5776 | D:6      | Noticed a hippogriff
  5784 | D:6      | Killed a hippogriff
  5785 | D:6      | Reached XP level 9. HP: 91/96 MP: 13/13
  6159 | D:7      | Found a shattered altar of Ashenzari.
  6160 | D:7      | Found a transporter.
  6161 | D:7      | Noticed a moth of wrath
  6161 | D:7      | Noticed Mehrunes's ghost (novice DsFE)
  6164 | D:7      | Identified the cursed +3 great mace of Lokho {elec, Fragile
                  | rF+ rC+ rN+ Int+3}
  6223 | D:7      | Found a transporter.
  6229 | D:7      | Found a bloodstained altar of Trog.
  6289 | D:7      | Noticed a death knight
  6602 | D:8      | Noticed Pikel
  6625 | D:8      | Killed Pikel
  6626 | D:8      | Reached skill level 9 in Polearms
  6628 | D:8      | Reached skill level 5 in Shields
  6741 | D:8      | Noticed a kobold demonologist
  6758 | D:8      | Killed a kobold demonologist
  6897 | D:8      | Noticed an elephant
  6903 | D:8      | Reached ***** piety under Cheibriados
  6921 | D:8      | Reached skill level 10 in Polearms
  6938 | D:8      | Killed an elephant
  6939 | D:8      | Reached XP level 10. HP: 74/110 MP: 15/15
  7227 | D:8      | Found a basalt altar of Yredelemnul.
  7232 | D:8      | Found a staircase to the Lair.
  7303 | D:8      | Noticed Gastronok
  7316 | D:8      | Reached skill level 11 in Polearms
  7331 | D:8      | Killed Gastronok
  7332 | D:8      | Reached skill level 12 in Polearms
  7332 | D:8      | Reached XP level 11. HP: 23/121 MP: 17/17
  7563 | D:8      | Found a hazy altar of Hepliaklqana.
  8248 | D:9      | Found a staircase to the Orcish Mines.
  8254 | D:9      | Reached ****** piety under Cheibriados
  8288 | D:9      | Noticed a centaur warrior
  8308 | D:9      | Killed a centaur warrior
  8401 | D:9      | Noticed a two-headed ogre
  8416 | D:9      | Killed a two-headed ogre
  8493 | D:9      | Noticed a two-headed ogre
  8499 | D:9      | Killed a two-headed ogre
  8661 | D:9      | Reached skill level 10 in Invocations
  8676 | D:9      | Reached skill level 13 in Polearms
  8886 | D:10     | Entered Level 10 of the Dungeon
  8951 | D:10     | Noticed a two-headed ogre
  8958 | D:10     | Killed a two-headed ogre
  9198 | D:10     | Reached skill level 10 in Fighting
  9198 | D:10     | Reached XP level 12. HP: 127/135 MP: 19/19
  9208 | D:10     | Noticed a two-headed ogre
  9214 | D:10     | Killed a two-headed ogre
  9605 | D:11     | Noticed a catoblepas
  9626 | D:11     | Killed a catoblepas
  9688 | D:11     | Reached skill level 14 in Polearms
 10510 | Lair:1   | Entered Level 1 of the Lair of Beasts
 10559 | Lair:1   | Reached skill level 15 in Polearms
 10883 | Lair:1   | Noticed a six-headed hydra
 10893 | Lair:1   | Killed a six-headed hydra
 10894 | Lair:1   | Reached XP level 13. HP: 115/148 MP: 20/20
 11347 | Lair:2   | Found a staircase to the Shoals.
 11400 | Lair:2   | Noticed Urug
 11421 | Lair:2   | Killed Urug
 12692 | Lair:3   | Reached skill level 16 in Polearms
 13456 | Lair:3   | Found a staircase to the Swamp.
 14944 | Lair:5   | Found a frozen archway.
 14950 | Lair:5   | Reached skill level 10 in Shields
 14962 | IceCv    | Entered an ice cave
 15034 | IceCv    | Reached XP level 14. HP: 137/162 MP: 21/21
 15214 | IceCv    | Reached skill level 17 in Polearms
 15286 | IceCv    | Got an encrusted short sword
 15642 | Lair:5   | Got a smoking platinum ring
 16215 | Lair:6   | Entered Level 6 of the Lair of Beasts
 16709 | Lair:6   | Reached skill level 18 in Polearms
 16896 | Lair:6   | Found a viscous altar of Jiyva.
 16897 | Lair:6   | Found a staircase to the Slime Pits.
 16984 | Lair:6   | Got a translucent glass ring
 16986 | Lair:6   | Identified the ring of Zishroech {rC+ Stlth--} (You found
                  | it on level 5 of the Lair of Beasts)
 16988 | Lair:6   | Identified the ring "Duarut" {+Inv Int+4 Dex+4} (You found
                  | it on level 6 of the Lair of Beasts)
 17629 | D:12     | Entered Level 12 of the Dungeon
 17788 | D:12     | Noticed Sonja
 17791 | D:12     | HP: 3/166 [Sonja/bolt (11)]
 17805 | D:12     | Noticed Sonja
 17805 | D:12     | Sonja changed into Sonja the fire bat
 17806 | D:12     | Killed Sonja the fire bat
 17836 | D:12     | Reached XP level 15. HP: 50/175 MP: 20/22
 18098 | D:12     | Reached skill level 19 in Polearms
 18254 | D:12     | Found a staircase to the Depths.
 18300 | D:12     | HP: 7/176 [stone giant zombie (9)]
 18701 | D:12     | Found a gate to the Vaults.
 18927 | Orc      | Entered the Orcish Mines
 18927 | Orc      | Found a staircase to the Elven Halls.
 18927 | Orc      | Found a roughly hewn altar of Beogh.
 18974 | Orc      | HP: 7/177 [orc warrior/+0 glaive (5)]
 19060 | Orc      | Found Xawnapho's Jewellery Shoppe.
 19346 | Orc      | Found Plog's Weapon Emporium.
 19346 | Orc      | Found Koshrih's Antique Armour Shop.
 19348 | Orc      | Found Gimnu's Food Boutique.
 19350 | Orc      | Found Ehoolu's Gadget Shoppe.
 19714 | Swamp:1  | Entered Level 1 of the Swamp
 19749 | Swamp:1  | HP: 5/177 [alligator (5)]
 19750 | Swamp:1  | HP: 1/177 [swamp dragon (5)]
 20233 | Swamp:1  | Noticed Nikola
 20249 | Swamp:1  | HP: 4/177 [Nikola/+1 rapier of distortion (6)]
 20249 | Swamp:1  | Mangled by a shambling mangrove

Skill      XL: |  1  2  3  4  5  6  7  8  9 10 11 12 13 14 15 |
---------------+----------------------------------------------+-----
Invocations    | 1 2 3 4 6 7 9 10 | 10.0
Polearms       | 3 4 5 6 8 10 12 13 15 16 18 19 | 19.8
Stealth        | 4 |  4.1
Shields        | 2 3 4 5 6 7 8 10 11 | 11.8
Fighting       | 3 4 6 7 8 10 11 12 13 14 | 14.8
Spellcasting   | |  1.2
Hexes          | |  2.0
Evocations     | |  0.8

Action                   |  1- 3 |  4- 6 |  7- 9 | 10-12 | 13-15 || total
-------------------------+-------+-------+-------+-------+-------++-------
Melee: Spear             |   143 |   258 |   333 |       |       ||   734
       Trident           |       |       |   114 |   650 |   170 ||   934
       Glaive            |       |       |       |       |   921 ||   921
 Cast: Slow              |       |     3 |       |       |       ||     3
Invok: Bend Time         |       |     1 |     1 |     2 |    20 ||    24
       Temporal Distorti |       |       |     1 |       |     6 ||     7
       Defer             |       |       |       |     1 |     3 ||     4
       Step From Time    |       |       |       |       |     3 ||     3
 Abil: Passwall          |       |     2 |     5 |     2 |     6 ||    15
Evoke: Wand              |       |     3 |     8 |     5 |     6 ||    22
  Use: Scroll            |     2 |     3 |    10 |     2 |    17 ||    34
       Potion            |       |       |     3 |     2 |     4 ||     9
 Stab: Sleeping          |     6 |     5 |     5 |    11 |    16 ||    43
       Paralysed         |       |     1 |     5 |     6 |       ||    12
       Distracted        |       |       |     6 |    11 |     5 ||    22
       Confused          |       |       |       |     2 |       ||     2
       Petrified         |       |       |       |     2 |       ||     2
  Eat: Chunk             |     5 |    12 |    14 |    22 |    36 ||    89
       Ration            |       |       |     1 |     2 |     3 ||     6
Armor: Skin              |    88 |   142 |   281 |   409 |  1075 ||  1995
Dodge: Dodged            |    28 |    67 |   166 |   169 |   478 ||   908
Block: Medium shield     |    57 |   114 |   332 |   509 |  1306 ||  2318
